 Dungeon Crawl Stone Soup version 0.26-a0-834-g69557b85cc (webtiles) character file.

Game seed: 6113081999642954378

42 robertstho the Firebug (level 3, 0/19 HPs)
             Began as a Tengu Fire Elementalist on Nov 16, 2020.
             Slain by a gnoll (1 damage)
             ... on level 2 of the Dungeon.
             The game lasted 00:02:46 (1969 turns).

robertstho the Firebug (Tengu Fire Elementalist)    Turns: 1969, Time: 00:02:48

Health: 0/19       AC:  2    Str:  8    XL:     3   Next: 54%
Magic:  4/8        EV: 13    Int: 16    God:
Gold:   132        SH:  0    Dex: 14    Spells: 6/7 levels left

rFire    . . .     SeeInvis .   c - +0 dagger
rCold    . . .     Faith    .   (no shield)
rNeg     . . .     Spirit   .   a - +0 robe
rPois    .         Reflect  .   (helmet restricted)
rElec    .         Harm     .   (no cloak)
rCorr    .         Rampage  .   (no gloves)
MR       .....                  (boots unavailable)
Stlth    ++........             (no amulet)
HPRegen  0.06/turn              (no ring)
MPRegen  0.11/turn              (no ring)

@: no status effects
A: beak, talons 3
a: no special abilities


You were on level 2 of the Dungeon.
You visited 1 branch of the dungeon, and saw 2 of its levels.

You collected 132 gold pieces.

Inventory:

Hand Weapons
 c - a +0 dagger (weapon)
Armour
 a - a +0 robe (worn)
Jewellery
 f - a +4 ring of protection {unknown}
Scrolls
 b - 3 scrolls of remove curse {unknown}
 g - a scroll of identify {unknown}
 h - a scroll of fear {unknown}
 i - a scroll of noise {unknown}
 j - a scroll of amnesia {unknown}
Potions
 d - a potion of heal wounds {unknown}
 e - a potion of flight {unknown}


   Skills:
 + Level 0.1 Short Blades
 + Level 2.3 Dodging
 + Level 2.0 Stealth
 * Level 2.8 Spellcasting
 + Level 2.2 Conjurations
 * Level 3.8 Fire Magic


You had 6 spell levels left.
You knew the following spells:

 Your Spells              Type           Power        Failure   Level
a - Foxfire               Conj/Fire      ##..         5%          1

Your spell library contained the following spells:

 Spells                   Type           Power        Failure   Level
 Conjure Flame            Conj/Fire      ##......     17%         3
 Inner Flame              Hex/Fire       #.......     26%         3
 Sticky Flame             Conj/Fire      ##......     50%         4
 Fireball                 Conj/Fire      ##........   83%         5


Dungeon Overview and Level Annotations

Branches:
Dungeon (2/15)

Altars:


Innate Abilities, Weirdness & Mutations

You have a beak for a mouth.
You have claws for feet.


Message History

Casting: Foxfire (safe; 5% risk of failure)
Confirm with . or Enter, or press ? or * to list all spells.
You conjure some foxfire!
The gnoll closely misses you. x2
You hit the gnoll. Your kick misses the gnoll.
You peck the gnoll, but do no damage.
The gnoll is lightly wounded.
The foxfire hits the gnoll but does no damage.
The gnoll is moderately wounded.
The gnoll hits you with a +0 whip. The gnoll hits you.
Casting: Foxfire (safe; 5% risk of failure)
Confirm with . or Enter, or press ? or * to list all spells.
You conjure some foxfire!
The gnoll completely misses you. The gnoll hits you.
You hit the gnoll but do no damage.
The gnoll is lightly wounded.
The foxfire hits the gnoll.
The gnoll is heavily wounded.
The gnoll hits you with a +0 whip.
* * * LOW HITPOINT WARNING * * *
The gnoll hits you.
You die...

#.# #†# #.# #.#
#.# #.# #######
#.# g.g.g..##
#g############.#.#
#.@ggg...........#
###############.##
..? ####


You could see 4 gnolls.

Vanquished Creatures
  An ooze (D:2)
  A dart slug (D:1)
  2 leopard geckos (D:2)
  3 giant cockroaches
  3 hobgoblins
  7 jackals
  3 bats (D:1)
  5 kobolds
  6 rats
31 creatures vanquished.

Vanquished Creatures (others)
  100 foxfires
100 creatures vanquished.

Grand Total: 131 creatures vanquished

Notes
Turn   | Place    | Note
-------+----------+-------------------------------------------
     0 | D:1      | robertstho the Tengu Fire Elementalist began the quest for
                  | the Orb.
     0 | D:1      | Reached XP level 1. HP: 10/10 MP: 4/4
   170 | D:1      | Reached XP level 2. HP: 15/15 MP: 0/6
  1313 | D:2      | Reached XP level 3. HP: 19/19 MP: 4/7
  1969 | D:2      | Slain by a gnoll

Illustrated notes

Levels and vault maps discovered:
D:1:      ebering_hopf_link, layout_basic, serial_forest,
          infiniplex_forest_lined_3, infiniplex_forest_lined_2,
          infiniplex_forest_clump_double, infiniplex_forest_clump_diagonal,
          infiniplex_forest_lined_2, infiniplex_forest_lined_room_2,
          infiniplex_forest_fountain
D:2:      layout_loops_ring, uniq_crazy_yiuf_cottage

Skill      XL: |  1  2  3 |
---------------+----------+-----
Conjurations   | 2 |  2.2
Short Blades   | |  0.1
Dodging        | |  2.3
Stealth        | |  2.0
Spellcasting   | |  2.8
Fire Magic     | |  3.8

Action                   || total
-------------------------++-------
Melee: Dagger            ||    17
       Kick              ||     5
       Peck              ||     2
 Cast: Foxfire           ||    69
 Stab: Sleeping          ||     1
Armor: Robe              ||     8
Dodge: Dodged            ||    28

Table legend: (Time is in decaauts)
 A = Elapsed time spent in this place.
 B = Non-inter-level travel time spent in this place.
 C = Inter-level travel time spent in this place.
 D = Time resting spent in this place.
 E = Time spent auto-exploring this place.
 F = Levels seen in this place.
 G = Mean time per level.
                   A        B        C        D        E       F      G
               +--------+--------+--------+--------+--------+-----+--------+
         Total |   1968 |   1934 |     34 |      0 |   1681 |   2 |  984.0 |
       Dungeon |   1968 |   1934 |     34 |      0 |   1681 |   2 |  984.0 |
               +--------+--------+--------+--------+--------+-----+--------+

Top non-repeatable levels by time:
     D:1: 1292 daAuts
     D:2: 675 daAuts
